 Dungeon Crawl Stone Soup version 0.30-a0-852-g08b95dd62f (webtiles) character file.

Game seed: 9574536659912736715

47166 dialectric the Warrior (level 14, 0/100 HPs)
             Began as a Gargoyle Fighter on Mar 4, 2023.
             Was an Initiate of Gozag.
             Killed by divine providence
             ... invoked by a meliai
              (11 damage)
             ... on level 14 of the Dungeon on Mar 5, 2023.
             The game lasted 00:33:18 (21808 turns).

dialectric the Warrior (Gargoyle Fighter)          Turns: 21808, Time: 00:33:18

Health: 0/100      AC: 36    Str: 21    XL:     14   Next: 40%
Magic:  11/15      EV: 27    Int: 11    God:    Gozag
Gold:   4979       SH:  0    Dex: 11    Spells: 13/13 levels left

rFire   . . .      SeeInvis .    N - +6 dire flail (freeze)
rCold   . . .      Faith    .    (shield currently unavailable)
rNeg    + + .      Spirit   .    E - +3 scale mail
rPois   ∞          Reflect  .    D - +1 helmet
rElec   +          Rampage  ∞    F - +2 cloak
rCorr   .          Clarity  +    U - +2 pair of gloves {infuse}
Will    ++...                    V - +3 pair of seven-league boots {Rampage+∞} Stlth
                                 Y - amulet of the acrobat
HPRegen 0.36/turn                k - ring of willpower
MPRegen 0.14/turn                v - ring of positive energy

@: gold aura, acrobatic, flying
A: sickness immunity, AC +10, big wings, negative energy resistance 1,
electricity resistance, torment resistance 1, petrification resistance, clarity,
high MP 1
a: Renounce Religion, Potion Petition, Call Merchant, Bribe Branch


You were on level 14 of the Dungeon.
You worshipped Gozag.
Gozag was most pleased with you.
You visited 4 branches of the dungeon, and saw 21 of its levels.
You also visited: Sewer and Bailey.

You collected 6605 gold pieces.
You spent 979 gold pieces at shops.
You paid 647 gold pieces to Gozag.

Inventory:

Hand Weapons
 p - a +1 demon whip of venom
 J - the +6 hand axe "Grom" {chaos, rElec rPois}
   (You found it on level 10 of the Dungeon)

   rElec:     It insulates you from electricity.
   rPois:     It protects you from poison.
 N - a +6 dire flail of freezing (weapon)
Missiles
 y - 19 poisoned darts (quivered)
Armour
 c - a +0 buckler
 D - a +1 helmet (worn)
 E - a +3 scale mail (worn)
 F - a +2 cloak (worn)
 O - a +0 plate armour
 U - a +2 pair of gloves of infusion (worn)
 V - the +3 pair of seven-league boots (worn) {Rampage+∞}
   (You bought it in a shop on level 3 of the Lair of Beasts)

   Rampage+∞: When moving toward enemies, its wearer moves as far as possible.
Jewellery
 b - an amulet of magic regeneration
 k - a ring of willpower (left hand)
 v - a ring of positive energy (right hand)
 G - a ring of protection from fire
 Y - an amulet of the acrobat (around neck)
 Z - a ring of see invisible
Wands
 I - a wand of mindburst (16)
 P - a wand of polymorph (14)
 Q - a wand of light (4)
 S - a wand of flame (18)
 T - a wand of roots (17)
Scrolls
 a - a scroll of fear
 e - 4 scrolls of amnesia
 f - 5 scrolls of immolation
 g - a scroll of silence
 j - 4 scrolls of magic mapping
 q - 4 scrolls of teleportation
 r - 4 scrolls of fog
 s - 14 scrolls of identify
 t - 2 scrolls of enchant weapon
 w - 4 scrolls of noise
 B - 5 scrolls of blinking
 M - 3 scrolls of poison
 W - 2 scrolls of brand weapon
Potions
 d - 3 potions of magic
 h - 4 potions of attraction
 i - 2 potions of flight
 l - 2 potions of might
 m - 4 potions of lignification
 n - 7 potions of heal wounds
 o - 9 potions of curing
 u - 3 potions of cancellation
 x - 3 potions of invisibility
 z - 5 potions of haste
 A - 5 potions of mutation
 R - 3 potions of brilliance
Miscellaneous
 C - a phantom mirror
 L - a box of beasts


   Skills:
 + Level 16.0 Fighting
 + Level 14.4 Maces & Flails
 - Level 2.2 Throwing
 * Level 11.8 Armour
 - Level 6.3 Dodging
 + Level 3.2 Shields
 * Level 5.3 Evocations


You had 13 spell levels left.
You didn't know any spells.
Your spell library contained the following spells:

 Spells                   Type           Power      Damage    Failure   Level
 Apportation              Tloc           0%         N/A       61%         1
 Necrotise                Necr           0%         1d4       61%         1
 Summon Small Mammal      Summ           0%         N/A       61%         1
 Ensorcelled Hibernation  Hex/Ice        0%         N/A       75%         2
 Wereblood                Tmut           0%         N/A       75%         2
 Call Canine Familiar     Summ           0%         N/A       93%         3
 Dazzling Flash           Conj/Hex       0%         N/A       93%         3
 Gell's Gravitas          Tloc           0%         N/A       93%         3
 Inner Flame              Hex/Fire       0%         N/A       93%         3
 Ozocubu's Armour         Ice            0%         N/A       93%         3
 Spider Form              Tmut/Pois      0%         N/A       93%         3
 Summon Guardian Golem    Hex/Summ       0%         N/A       93%         3
 Teleport Other           Tloc           0%         N/A       93%         3
 Anguish                  Hex/Necr       0%         N/A       100%        4
 Flame Wave               Conj/Fire      0%         2d4       100%        4
 Iskenderun's Mystic Bla  Conj/Tloc      0%         2d3       100%        4
 Sticky Flame             Conj/Fire      0%         2d3       100%        4
 Agony                    Necr           0%         N/A       100%        5
 Alistair's Intoxication  Tmut/Pois      0%         N/A       100%        5
 Blade Hands              Tmut           0%         N/A       100%        5
 Irradiate                Conj/Tmut      0%         3d11      100%        5
 Silence                  Hex/Air        0%         N/A       100%        5
 Dispersal                Tloc           0%         N/A       100%        6
 Starburst                Conj/Fire      0%         6d3       100%        6
 Dragon Form              Tmut           0%         N/A       100%        7
 Ozocubu's Refrigeration  Ice            0%         4d7       100%        7
 Summon Hydra             Summ           0%         N/A       100%        7
 Sublimation of Blood     Necr           Unusable   N/A       N/A         2

Dungeon Overview and Level Annotations

Branches:
Dungeon (14/15)            Temple (1/1) D:6            Lair (4/5) D:8
  Swamp (0/4) Lair:3        Snake (0/4) Lair:2        Slime (0/5) Lair:4
    Orc (2/2) D:12          Sewer (visited)          Bailey (visited)
    Elf: Orc:2       Vaults: D:13-14

Altars:
Ashenzari
Cheibriados
Elyvilon
Fedhas
Gozag
Hepliaklqana
Kikubaaqudgha
Makhleb
Nemelex Xobeh
Okawaru
Qazlal
Ru
Sif Muna
Trog
Uskayaw
Vehumet
Wu Jian
Xom
Yredelemnul
Zin
The Shining One
Jiyva

Shops:
D:4 [   D:12 (   D:13 ?   Orc:2 (   Lair:3 [

Annotations:
D:9 1 runed translucent door, tarna41's ghost, journeyman MiBe
Lair:4 1 runed translucent door


Innate Abilities, Weirdness & Mutations

You are immune to sickness and miasma.
Your stone body is resilient. (AC +10)
You are immune to poison.
Your large and strong wings let you fly.
You resist negative energy. (rN+)
You are resistant to electric shocks. (rElec)
You are resistant to unholy torment.
You are immune to petrification.
You possess an exceptional clarity of mind.
You have an increased reservoir of magic. (+10% MP)


Message History

The meliai is healed somewhat.
The meliai invokes the aid of its god against you.
Something smites you!
You bludgeon the meliai!! You freeze the meliai.
The meliai is severely wounded.
The meliai invokes the aid of its god against you.
Something smites you!
You bludgeon the meliai!! You freeze the meliai.
You kill the meliai!
The meliai calls down the wrath of its god upon you.
Something smites you! The meliai closely misses you.
The meliai barely misses you.
Your Fighting skill increases to level 16!
You are too injured to fight recklessly!
You are too injured to fight recklessly!
You are too injured to fight recklessly!
You are too injured to fight recklessly!
You are too injured to fight recklessly!
You are too injured to fight recklessly!
You are too injured to fight recklessly!
You are too injured to fight recklessly!
The meliai attacks as you move away! The meliai hits you but does no damage.
The meliai stings you but does no damage.
The meliai misses you. The meliai barely misses you.
The meliai completely misses you. The meliai misses you.
The meliai attacks as you move away! The meliai hits you but does no damage.
The meliai stings you but does no damage.
The meliai completely misses you. The meliai closely misses you.
The meliai mumbles some strange prayers to its god against you.
Something smites you!
The meliai invokes the aid of its god against you.
Something smites you!
* * * LOW HITPOINT WARNING * * *
The meliai calls down the wrath of its god upon you.
Something smites you!
* * * LOW HITPOINT WARNING * * *
The meliai invokes the aid of its god against you.
Something smites you!
You die...
Your body crumbles into a pile of gold.

## #.# #. # #.# #. #.#
#. #.# #.
#.########$#########
#.........$.........
#######.......#..##.###
........#####..yy#
###............#@##.#
#.#......?........# #
#.##.####..###..#
#.#.(......# .<#
#.#..####..# .# ......
...# .# ##.#..#####.# #
#..... ... ###..# #..#


You could see 2 meliai.

Vanquished Creatures
  An orc warlord (Bailey)
  2 vault guards (D:14)
  A catoblepas (Lair:4)
  2 hydras
  Erolcha (D:12)
  A centaur warrior (D:13)
  2 ogre magi (D:14)
  A boulder beetle (D:11)
  5 two-headed ogres
  A deep elf knight (D:14)
  Urug (D:12)
  Amaemon (Lair:1)
  Lodul (D:13)
  Pikel (D:4)
  A wizard (D:14)
  4 orc knights
  5 ugly things
  A manticore (D:11)
  3 cyclopes
  7 elephants
  Maurice (D:12)
  4 black mambas
  An orange demon (Lair:1)
  An unseen horror (D:11)
  8 cane toads
  A rime drake (Lair:4)
  A komodo dragon (shapeshifter) (D:13)
  2 komodo dragons
  A yaktaur (D:14)
  A freezing wraith (D:14)
  A meliai (D:14)
  2 trolls
  2 polar bears
  2 tyrant leeches (Lair:3)
  4 blink frogs (Lair:1)
  A hornet (D:8)
  A raiju (shapeshifter) (D:14)
  Sigmund (D:4)
  4 slime creatures (D:13)
  3 wyverns
  2 shadows
  2 wraiths
  28 yaks
  2 humans
  A golden eye (shapeshifter) (D:14)
  4 basilisks
  2 acid dragons (D:11)
  8 vampire mosquitoes
  6 nagas (Lair:2)
  3 wargs (Orc:1)
  A swamp worm (Lair:3)
  5 water moccasins
  A black bear (D:6)
  19 orc warriors
  An ice beast (D:5)
  4 sky beasts
  9 centaurs
  16 ogres
  A lemure (D:4)
  A phantom (D:6)
  7 kobold brigands
  6 bullfrogs
  5 scorpions
  8 wights
  4 killer bees (D:9)
  5 jellies
  2 howler monkeys
  4 hounds
  12 orc priests
  Crazy Yiuf (D:5)
  2 gnoll boudas
  4 iguanas
  9 hell rats (Lair:2)
  10 orc wizards
  19 gnolls
  8 adders
  15 river rats
  2 white imps (D:5)
  6 worms
  A dart slug (D:2)
  37 orcs
  9 bats
  10 endoplasms
  7 giant cockroaches
  14 goblins
  18 hobgoblins
  3 jackals (D:1)
  13 quokkas
  7 ball pythons
  3 frilled lizards
  37 kobolds
  27 rats
515 creatures vanquished.

Vanquished Creatures (collateral kills)
  An orc (Bailey)
  A goblin (Bailey)
2 creatures vanquished.

Vanquished Creatures (others)
  An orc knight (Bailey)
  2 orc warriors (Bailey)
  An orc (Orc:2)
  18 fungi
  7 plants
29 creatures vanquished.

Grand Total: 546 creatures vanquished

Notes
Turn   | Place    | Note
-------+----------+-------------------------------------------
     0 | D:1      | dialectric the Gargoyle Fighter began the quest for the
                  | Orb.
     0 | D:1      | Reached XP level 1. HP: 14/14 MP: 1/1
   178 | D:1      | Reached XP level 2. HP: 20/20 MP: 2/2
   313 | D:1      | Reached XP level 3. HP: 24/24 MP: 3/3
   458 | D:1      | Reached skill level 4 in Fighting
   565 | D:1      | Found a faded altar of an unknown god.
   683 | D:1      | Prayed at the altar of an unknown god.
   683 | D:1      | Became a worshipper of Gozag Ym Sagoz the Greedy
  1492 | D:2      | Reached XP level 4. HP: 29/29 MP: 4/4
  1944 | D:3      | Found an iron altar of Okawaru.
  2166 | D:3      | Found a sacrificial altar of Ru.
  2472 | D:3      | Reached XP level 5. HP: 33/33 MP: 5/5
  2921 | D:4      | Noticed Sigmund
  2924 | D:4      | Noticed a water moccasin
  2946 | D:3      | Killed a water moccasin
  2947 | D:3      | Reached XP level 6. HP: 28/38 MP: 6/6
  3052 | D:4      | Killed Sigmund
  3053 | D:4      | Reached skill level 5 in Maces & Flails
  3053 | D:4      | Reached skill level 1 in Dodging
  3053 | D:4      | Reached XP level 7. HP: 27/43 MP: 7/7
  3111 | D:4      | Found a glowing silver altar of Zin.
  3114 | D:4      | You fall into a shaft and drop 1 floor!
  3114 | D:5      | Entered Level 5 of the Dungeon
  3170 | D:5      | Found a white marble altar of Elyvilon.
  3361 | D:4      | Noticed Pikel
  3378 | D:4      | Killed Pikel
  3379 | D:4      | Reached skill level 5 in Armour
  3379 | D:4      | Reached XP level 8. HP: 6/48 MP: 8/8
  3393 | D:4      | Found a glowing drain.
  3405 | Sewer    | Entered a sewer
  4108 | D:4      | Found Kaett's Armour Boutique.
  4111 | D:4      | Bought a +0 cloak for 49 gold pieces
  4118 | D:4      | Bought a +0 helmet for 49 gold pieces
  5152 | D:5      | Reached XP level 9. HP: 52/52 MP: 9/9
  5234 | D:5      | Found a blossoming altar of Fedhas.
  5483 | D:5      | Found a runed translucent door.
  5484 | D:5      | Noticed Crazy Yiuf
  5531 | D:5      | Killed Crazy Yiuf
  5812 | D:6      | Found a staircase to the Ecumenical Temple.
  5821 | Temple   | Entered the Ecumenical Temple
  6267 | D:6      | Reached skill level 10 in Maces & Flails
  6657 | D:7      | Found a hide-covered altar of Uskayaw.
  6965 | D:8      | Found a staircase to the Lair.
  6982 | Lair:1   | Entered Level 1 of the Lair of Beasts
  6989 | Lair:1   | Noticed a black mamba
  7014 | Lair:1   | Killed a black mamba
  7015 | Lair:1   | Reached skill level 5 in Fighting
  7159 | D:8      | Noticed a hornet
  7172 | D:8      | Killed a hornet
  7173 | D:8      | Reached XP level 10. HP: 37/59 MP: 10/10
  8002 | D:9      | Noticed a two-headed ogre
  8024 | D:9      | Killed a two-headed ogre
  8025 | D:9      | Reached skill level 6 in Fighting
  8148 | D:9      | Found a runed translucent door.
  8148 | D:9      | Noticed tarna41's ghost (journeyman MiBe)
  8618 | D:9      | Noticed a two-headed ogre
  8635 | D:9      | Killed a two-headed ogre
  8763 | D:9      | Reached skill level 7 in Fighting
  9517 | D:8      | Reached XP level 11. HP: 67/67 MP: 11/11
 10230 | D:10     | Entered Level 10 of the Dungeon
 10248 | D:10     | Identified the +6 hand axe "Grom" {chaos, rElec rPois}
 10267 | D:10     | Noticed a cyclops
 10279 | D:10     | Gained mutation: You possess an exceptional clarity of
                  | mind. [potion of mutation]
 10279 | D:10     | Gained mutation: You have an increased reservoir of magic.
                  | (+10% MP) [potion of mutation]
 10281 | D:10     | Found a flagged portal.
 10289 | Bailey   | Entered a bailey
 10463 | Bailey   | Reached skill level 8 in Fighting
 10582 | Bailey   | Noticed an orc knight
 10583 | Bailey   | Noticed an orc knight
 10647 | Bailey   | Killed an orc knight
 10648 | Bailey   | Reached skill level 1 in Evocations
 10807 | Bailey   | Noticed an orc warlord
 10838 | Bailey   | Killed an orc warlord
 10839 | Bailey   | Reached skill level 1 in Throwing
 11135 | Bailey   | Identified the +3 leather armour of Trial and Error {*Slow
                  | rF+ Dex+4}
 11174 | Bailey   | Acquired 728 gold pieces
 11687 | D:11     | Reached skill level 9 in Fighting
 11796 | D:11     | Noticed a boulder beetle
 11818 | D:11     | Killed a boulder beetle
 11993 | D:11     | Noticed a manticore
 12003 | D:11     | Killed a manticore
 12240 | D:10     | Killed a cyclops
 12413 | D:10     | Noticed a two-headed ogre
 12423 | D:10     | Killed a two-headed ogre
 12424 | D:10     | Reached skill level 10 in Fighting
 12424 | D:10     | Reached XP level 12. HP: 65/77 MP: 13/13
 12505 | D:10     | Noticed a two-headed ogre
 12508 | D:10     | Reached skill level 5 in Dodging
 12513 | D:10     | Killed a two-headed ogre
 12623 | D:10     | Found a shimmering blue altar of Sif Muna.
 12941 | D:12     | Noticed Urug
 12958 | D:12     | Killed Urug
 13094 | D:12     | Found a staircase to the Orcish Mines.
 13187 | D:12     | Noticed Maurice
 13202 | D:12     | Killed Maurice
 13363 | D:12     | Noticed a seven-headed hydra
 13373 | D:12     | Killed a seven-headed hydra
 13459 | D:12     | Noticed Erolcha
 13608 | D:12     | Reached skill level 11 in Fighting
 13678 | D:12     | Found Foxkux's Weapon Boutique.
 14112 | D:13     | Reached skill level 12 in Fighting
 14357 | D:13     | Noticed Lodul
 14399 | D:13     | Killed Lodul
 14658 | D:13     | Found Teablup's Magic Scroll Boutique.
 14667 | D:13     | Bought a scroll of teleportation for 45 gold pieces
 14948 | D:13     | Noticed a centaur warrior
 14964 | D:13     | Killed a centaur warrior
 14969 | D:13     | Reached XP level 13. HP: 74/87 MP: 14/14
 15297 | D:4      | Bought a +2 pair of gloves of infusion for 236 gold pieces
 15486 | Lair:1   | Noticed Amaemon
 15503 | Lair:1   | Killed Amaemon
 15510 | Lair:1   | Reached skill level 13 in Fighting
 16723 | Lair:2   | Reached skill level 14 in Fighting
 17068 | Lair:2   | Found a staircase to the Snake Pit.
 17154 | Lair:2   | Reached skill level 10 in Armour
 17889 | Lair:3   | Bought the +3 pair of seven-league boots {Rampage+∞} for
                  | 600 gold pieces
 17889 | Lair:3   | Found the +3 pair of seven-league boots {Rampage+∞}
 18450 | Lair:3   | Found a staircase to the Swamp.
 18933 | Lair:4   | Found a runed translucent door.
 18981 | Lair:4   | Reached skill level 15 in Fighting
 19385 | Lair:4   | Found a viscous altar of Jiyva.
 19392 | Lair:4   | Found a staircase to the Slime Pits.
 19569 | Lair:4   | Noticed a reaper
 19912 | D:12     | Killed Erolcha
 19962 | Orc:1    | Entered Level 1 of the Orcish Mines
 20057 | D:12     | Gained mutation: Your large and strong wings let you fly.
                  | [Gargoyle growth]
 20057 | D:12     | Reached XP level 14. HP: 73/98 MP: 9/15
 20657 | Orc:2    | Entered Level 2 of the Orcish Mines
 20658 | Orc:2    | Found Gisir's Antique Weapon Shop.
 21480 | D:14     | Reached skill level 5 in Evocations
 21806 | D:14     | Reached skill level 16 in Fighting
 21808 | D:14     | Killed from afar by a meliai

Illustrated notes

Levels and vault maps discovered:
D:1:      amcnicky_arrival_choice, layout_basic,
          shapermc_ecumenical_altar_mp_vishouse, minmay_tromino_i4
D:2:      minmay_chambers_of_twos, layout_basic, kennysheep_potato
D:3:      layout_basic, old_standard_altar, nicolae_ru_sacrificial_ziggurat
D:4:      layout_basic, mainiacjoe_overflow_tiny_flanked, serial_shops,
          kennysheep_mini, portal_sewer_entry_a, uniq_sigmund, uniq_pikel
D:5:      layout_layer_cave, mainiacjoe_overflow_catwalk, minmay_ruined_shrine,
          uniq_crazy_yiuf_cottage
D:6:      layout_gridville, kennysheep_little_box, minmay_temple_entry_poolview
D:7:      layout_basic, eat_drink_and_be_merry_uskayaw, serial_glass,
          glass_columns_b, glass_columns_a, glass_columns_a, glass_columns_b,
          glass_columns_a, glass_columns_a, minmay_misc_feat_pillars
D:8:      layout_layer_cave, lair_entry_dummy
D:9:      layout_gridville, hellmonk_ghost_happy_afterlife,
          hangedman_decor_clover_reticule
D:10:     layout_cave_pools, tgw_sif, enter_bailey_1,
          dreamdust_princess_corridor
D:11:     layout_roguey
D:12:     layout_gridville, minmay_orc_entry_temple_small, serial_shops,
          nicolae_shop_hallway_plus, uniq_urug, uniq_erolcha, uniq_maurice
D:13:     kennysheep_big_flooded_room, layout_stronghold, serial_shops, shop,
          uniq_lodul
D:14:     layout_loops_ring, grunt_vaults_entry_fortified
Temple:   nicolae_temple_no_exploring_needed
Lair:1:   hellmonk_destroyed_diamonds, layout_chaotic_city,
          infiniplex_staircase_pool_2, uniq_amaemon
Lair:2:   lemuel_ratsnest, layout_hall_layers,
          minmay_snake_entry_guardpost_medium
Lair:3:   layout_regular_city, minmay_swamp_entry_worms
Lair:4:   layout_gridlike, slime_entry_1, pdpol_lair_cabin_in_the_woods
Orc:1:    layout_diamond_mine, abandoned_shop
Orc:2:    grunt_orc_gardens, layout_caves, grunt_orc_garden, grunt_orc_garden,
          grunt_orc_garden, grunt_orc_garden

Skill      XL: |  1  2  3  4  5  6  7  8  9 10 11 12 13 14 |
---------------+-------------------------------------------+-----
Fighting       | 4 5 7 10 12 15 16 | 16.0
Armour         | 4 5 7 8 9 10 11 | 11.8
Maces & Flails | 3 4 5 7 9 11 12 13 14 | 14.4
Dodging        | 1 2 3 4 5 6 |  6.3
Evocations     | 1 3 4 5 |  5.3
Throwing       | 1 2 |  2.2
Shields        | |  3.2

Action                     |  1- 3 |  4- 6 |  7- 9 | 10-12 | 13-15 || total
---------------------------+-------+-------+-------+-------+-------++-------
  Melee: Flail             |   113 |   126 |   491 |   102 |       ||   832
         Punch             |     1 |     1 |     5 |     7 |       ||    14
         Whip              |       |       |       |   245 |       ||   245
         Dire flail        |       |       |       |   452 |   548 ||  1000
  Throw: Dart              |       |       |     9 |    22 |    16 ||    47
 Invoke: Call Merchant     |       |       |       |       |     1 ||     1
  Evoke: Wand              |       |       |       |    10 |     2 ||    12
         Box of beasts     |       |       |       |     1 |     1 ||     2
    Use: Potion            |       |     2 |     3 |     3 |     2 ||    10
         Scroll            |       |       |     7 |    16 |     5 ||    28
   Stab: Distracted        |       |       |     3 |     1 |     2 ||     6
 Armour: Scale mail        |    66 |       |       |    80 |   236 ||   382
         Chain mail        |    19 |    83 |   339 |   221 |       ||   662
         Plate armour      |       |       |       |   169 |       ||   169
  Dodge: Dodged            |    66 |    58 |   176 |   334 |   270 ||   904

Table legend: (Time is in decaauts)
 A = Elapsed time spent in this place.
 B = Non-inter-level travel time spent in this place.
 C = Inter-level travel time spent in this place.
 D = Time resting spent in this place.
 E = Time spent auto-exploring this place.
 F = Levels seen in this place.
 G = Mean time per level.
                   A        B        C        D        E       F      G
               +--------+--------+--------+--------+--------+-----+--------+
         Total |  21459 |  20280 |   1179 |   1360 |  13907 |  23 |  933.0 |
       Dungeon |  13994 |  13047 |    947 |    699 |   9069 |  14 |  999.6 |
        Temple |    136 |    136 |      0 |     89 |      0 |   1 |  136.0 |
          Lair |   4683 |   4484 |    199 |    160 |   3543 |   4 | 1170.8 |
  Orcish Mines |   1190 |   1158 |     32 |    207 |    695 |   2 |  595.0 |
         Sewer |    537 |    537 |      0 |      0 |    280 |   1 |  537.0 |
        Bailey |    917 |    917 |      0 |    205 |    320 |   1 |  917.0 |
               +--------+--------+--------+--------+--------+-----+--------+

Top non-repeatable levels by time:
  Lair:2: 1607 daAuts
     D:9: 1276 daAuts
    D:12: 1251 daAuts
     D:2: 1222 daAuts
     D:5: 1210 daAuts
  Lair:1: 1204 daAuts
   Orc:1: 1141 daAuts
     D:8: 1097 daAuts
    D:13: 1090 daAuts
     D:4: 1047 daAuts
    D:11: 1003 daAuts
  Lair:4: 1000 daAuts
     D:7: 936 daAuts
     D:1: 918 daAuts
  Bailey: 917 daAuts
